Map: 2000 Atmospheres LE

Players

Lystar - Winner!

  • Race: Protoss Protoss
  • League: Platinum
  • Spawn Location: 3:00

GULAGvGIPPER

  • Race: Terran Terran
  • League: Platinum
  • Spawn Location: 7:00

VOD

Have the link to the VOD?

Description

Time

  • Played on: May 15, 2022, 9:57 a.m.
  • Length: 7:40
Show
View Real Time Build Order
Export as new Build Order

Lystar Protoss - Winner!

Build Orders: 1 Gate Expand, Blink Stalkers 

Get SALT Encoding   

  12  0:00  Probe  
  13  0:12  Probe  
  14  0:19  Pylon  
  14  0:24  Probe  
  15  0:37  Gateway, Probe (Chrono Boost)  
  16  0:44  Assimilator  
  16  0:49  Probe (Chrono Boost)  
  17  0:54  Probe (Chrono Boost)  
  18  1:03  Probe  
  19  1:15  Probe  
  20  1:24  Cybernetics Core  
  20  1:35  Nexus  
  20  1:43  Pylon  
  20  1:44  Probe  
  21  1:59  Assimilator  
  21  2:00  Probe  
  21  2:01  Warp Gate, Stalker (Chrono Boost)  
  24  2:17  Probe  
  25  2:27  Twilight Council  
  25  2:35  Probe  
  26  2:44  Stalker, Shield Battery  
  26  2:48  Gateway  
  26  2:50  Probe  
  29  2:54  Probe  
  30  3:08  Blink  
  30  3:13  Probe x2  
  30  3:18  Stalker (Chrono Boost)  
  34  3:25  Pylon, Probe  
  35  3:28  Probe  
  36  3:38  Stalker (Chrono Boost)  
  38  3:41  Probe  
  38  3:42  Probe  
  40  3:53  Stalker  
  40  3:54  Probe  
  40  3:55  Probe  
  44  4:00  Assimilator  
  44  4:02  Assimilator  
  44  4:04  Pylon  
  44  4:12  Probe  
  44  4:13  Stalker, Probe  
  47  4:24  Probe  
  47  4:27  Probe  
  49  4:36  Probe  
  49  4:37  Stalker x2  
  54  4:39  Probe  
  55  4:48  Gateway  
  55  4:49  Probe  
  55  4:51  Gateway  
  56  4:53  Robotics Facility  
  56  4:59  Probe  
  57  5:02  Pylon  
  57  5:05  Probe  
  58  5:10  Stalker x2  
  62  5:20  Probe x2  
  64  5:24  Pylon  
  64  5:37  Probe  
  64  5:38  Stalker x2  
  64  5:41  Pylon  
  69  5:44  Gateway, Warp Prism  
  69  5:56  Probe x2  
  61  5:58  Charge (Chrono Boost)  
  61  6:02  Gateway  
  59  6:05  Gateway  
  59  6:06  Gateway  
  59  6:08  Gateway  
  59  6:09  Stalker  
  61  6:11  Stalker  
  61  6:15  Stalker  
  61  6:16  Probe  
  66  6:28  Observer  
  67  6:36  Stalker x3  
  67  6:37  Probe x2  
  71  7:06  Stalker  
  71  7:07  Stalker x7  
  71  7:08  Stalker  
  85  7:10  Probe x2  
  79  7:22  Probe  
  73  7:31  Zealot x3  
  73  7:32  Zealot x3  
Show
View Real Time Build Order
Export as new Build Order

GULAGvGIPPER Terran 

Build Orders:  

Get SALT Encoding   

  12  0:02  SCV  
  13  0:14  SCV  
  13  0:20  Supply Depot  
  14  0:26  SCV  
  15  0:41  SCV  
  16  0:43  Barracks  
  16  0:53  SCV  
  17  0:57  Supply Depot  
  17  1:07  Barracks, SCV  
  18  1:21  Barracks  
  18  1:26  Refinery  
  18  1:27  Refinery  
  18  1:38  Orbital Command  
  18  1:57  Supply Depot  
  18  2:04  SCV  
  19  2:14  Barracks Reactor  
  19  2:16  SCV  
  19  2:17  Barracks Reactor  
  19  2:20  Barracks Reactor  
  20  2:27  Supply Depot  
  20  2:28  SCV  
  21  2:40  SCV  
  22  2:52  Reaper x2  
  22  2:54  Reaper  
  22  2:57  Reaper, Marine  
  27  3:05  Reaper  
  28  3:13  SCV  
  28  3:17  Reaper  
  30  3:25  SCV  
  31  3:29  Reaper  
  32  3:37  SCV  
  32  3:39  Marine x2  
  32  3:41  Marine  
  36  3:48  Supply Depot  
  36  3:50  SCV  
  36  3:54  Marine x2  
  39  3:57  Marine x2  
  39  3:58  Marine  
  39  4:01  Marine  
  39  4:02  SCV  
  44  4:12  Marine x2  
  44  4:14  SCV, Marine  
  44  4:16  Marine  
  49  4:19  Command Center  
  49  4:40  Command Center  
  49  4:59  Marine x5  
  54  5:02  SCV  
  55  5:09  Supply Depot  
  55  5:12  Supply Depot  
  55  5:22  SCV  
  55  5:26  Reaper x4  
  55  5:27  Reaper x2  
  62  5:36  Factory  
  61  6:05  Orbital Command  
  61  6:07  Command Center  
  61  6:14  Reaper x3  
  61  6:15  Reaper  
  65  6:22  Reaper  
  65  6:23  Reaper  
  65  6:24  Factory Tech Lab  
Tags
 
Add a new tag
Caveats
  • Supply blocks, unpowered buildings, or Contaminate may cause inaccurate times.
  • Supply counts are checked every 10 seconds.